 Dungeon Sprint DCSS version 0.22-a0-417-g1387785 (webtiles) character file.

4846 Mgcat the Severer (level 10, -1/96 HPs)
             Began as a Demonspawn Fighter on May 14, 2018.
             Was a Follower of Ru.
             Slain by a spiny frog (9 damage)
             ... in the Dungeon (Sprint IX: "|||||||||||||||||||||||||||||").
             The game lasted 00:04:54 (1214 turns).

Mgcat the Severer (Demonspawn Fighter)              Turns: 1214, Time: 00:04:55

Health: -1/96      AC:  9    Str: 20    XL:     10   Next: 25%
Magic:  10/10      EV:  2    Int: 16    God:    Ru [*.....]
Gold:   11         SH:  0    Dex: 12    Spells: 9/9 levels left

rFire    . . .     SeeInvis .   w - +3 war axe (freeze)
rCold    . . .     Gourm    .   c - +0 shield
rNeg     + + +     Faith    .   b - +0 scale mail
rPois    ∞         Spirit   .   (helmet restricted)
rElec    .         Reflect  .   r - +0 cloak
rCorr    .         Harm     .   (no gloves)
MR       .....     NoTele   +   (no boots)
Stlth    ..........             (no amulet)
HPRegen  0.26/turn              t - +3 ring of intelligence
MPRegen  0.12/turn              u - +3 ring of intelligence

@: petrified, no scrolls, hasted
A: antennae 1, repulsion field 2, demonic guardian 2, powered by death 1,
inability to read while threatened
a: Renounce Religion


You were in the Dungeon.
You worshipped Ru.
Ru was aware of your devotion.
You were not hungry.

You visited 1 branch You collected 11 gold pieces.

Inventory:

Hand Weapons
 v - a +2 dire flail of crushing
   (You found it in the Dungeon)
 w - a +3 war axe of freezing (weapon)
   (You found it in the Dungeon)
Armour
 a - the cursed +1 robe of the Republic {SInv}
   (You found it in the Dungeon)

   It lets you see invisible.
   It has a curse placed upon it.
 b - a +0 scale mail (worn)
 c - a +0 shield (worn)
 r - a +0 cloak (worn)
   (You found it in the Dungeon)
 s - a +0 helmet
   (You found it in the Dungeon)
Magical Staves
 p - an uncursed staff of energy {+MP, hungerless spells, !d!a@w1}
   (You found it in the Dungeon)
Jewellery
 t - a +3 ring of intelligence (left hand)
   (You found it in the Dungeon)
 u - a +3 ring of intelligence (right hand)
   (You found it in the Dungeon)
Wands
 q - a wand of iceblast (9)
   (You found it in the Dungeon)
Scrolls
 g - a scroll of identify
 k - 4 scrolls of blinking {!r}
 l - 2 scrolls of enchant weapon
 n - 4 scrolls of remove curse
 o - 2 scrolls of amnesia
Potions
 d - 2 potions of might
 e - 7 potions of curing
 h - a potion of haste
 i - 4 potions of magic
 j - a potion of berserk rage {!q}


   Skills:
 - Level 15.0 Fighting
 + Level 15.3 Axes
 + Level 7.9 Armour
 - Level 2.6 Shields


You had 9 spell levels left.
You didn't know any spells.
Your spell library contained the following spells:

 Spells                   Type           Power        Failure   Level  Hunger
 Mephitic Cloud           Conj/Pois/Air  #.......     100%        3    ####...
 Venom Bolt               Conj/Pois      #.........   100%        5    ######.
 Olgreb's Toxic Radiance  Pois           #.......     100%        4    #####..
 Sting                    Conj/Pois      #...         97%         1    ##.....
 Poisonous Vapours        Pois/Air       #.....       99%         2    ###....


Dungeon Overview and Level Annotations

Branches:
Dungeon (1/1)

Altars:
Cheibriados
Dithmenos
Elyvilon
Fedhas
Gozag
Hepliaklqana
Kikubaaqudgha
Makhleb
Nemelex Xobeh
Okawaru
Qazlal
Ru
Sif Muna
Trog
Uskayaw
Vehumet
Wu Jian
Xom
Yredelemnul
Zin
The Shining One
Beogh
Jiyva
Lugonu


Innate Abilities, Weirdness & Mutations

You have a pair of small antennae on your head.
You are surrounded by a moderate repulsion field. (EV +3)
A demonic guardian rushes to your aid.
You regenerate a little health from kills.
You cannot read scrolls while threatened.


Message History

Unknown command.
Your orange demon cannot move out of your way!
Unknown command.
Unknown command.
Unknown command.
Your orange demon cannot move out of your way!
Unknown command.
Unknown command.
Unknown command.
You hit the catoblepas. You freeze the catoblepas.
The catoblepas is moderately wounded.
Your orange demon is engulfed in calcifying dust.
The catoblepas gores you but does no damage.
Unknown command.
Unknown command.
Evoke which item? (* to show all) (? for menu, Esc to quit)
Aiming: Iceblast
Press: ? - help, Shift-Dir - straight line, f - catoblepas
Aim: a catoblepas (moderately wounded) That beam is likely to hit you.
Continue anyway?
The mass of ice explodes!
The iceblast engulfs the catoblepas.
The catoblepas is moderately wounded.
The iceblast engulfs the spiny frog.
The spiny frog is heavily wounded.
The iceblast engulfs you!
Your orange demon is engulfed in calcifying dust.
You block the catoblepas's attack.
You hit the catoblepas. You freeze the catoblepas.
The catoblepas is heavily wounded.
Your orange demon is engulfed in calcifying dust.
The catoblepas closely misses you.
You slash the catoblepas! You freeze the catoblepas.
The catoblepas is severely wounded.
Your orange demon is engulfed in calcifying dust.
The catoblepas gores you!!
* * * LOW HITPOINT WARNING * * *
You slash the catoblepas! You freeze the catoblepas.
The catoblepas is almost dead.
Your orange demon is engulfed in calcifying dust.
The catoblepas breathes a plume of calcifying dust at you.
The blast of calcifying dust hits you!
The blast of calcifying dust hits your orange demon. x2
Unknown command.
Unknown command.
You feel much better.
You are engulfed in calcifying dust.
Your orange demon is no longer petrified.
Your orange demon disappears in a puff of smoke!
Your orange demon is engulfed in calcifying dust.
Your orange demon is moving more slowly.
Your orange demon stings the catoblepas from afar!
The catoblepas gores you!
* * * LOW HITPOINT WARNING * * *
You feel much better.
You are engulfed in calcifying dust.
Your orange demon is engulfed in calcifying dust.
Your orange demon stops moving altogether!
You redirect the catoblepas's attack!
The catoblepas gores you!
Okay, then.
You feel yourself speed up.
You are engulfed in calcifying dust.
You are slowing down.
Your orange demon is engulfed in calcifying dust.
The catoblepas gores you but does no damage.
Unknown command.
Unknown command.
Unknown command.
Unknown command.
Unknown command.
Unknown command.
Your shield and scale mail prevent you from hitting the catoblepas.
The catoblepas is almost dead.
You are engulfed in calcifying dust.
Your orange demon disappears in a puff of smoke!
The catoblepas gores you.
Your limbs are stiffening.
Unknown command.
Unknown command.
Unknown command.
You hit the catoblepas. You freeze the catoblepas.
The catoblepas is almost dead.
You are engulfed in calcifying dust.
Unknown command.
Unknown command.
Unknown command.
You slash the catoblepas! You freeze the catoblepas.
You kill the catoblepas!
Your Axes skill increases to level 15!
Your Armour skill increases to level 7!
You are engulfed in calcifying dust.
You have turned to stone.
The spiny frog stings you!
The spiny frog stings you but does no damage.
The spiny frog stings you!
* * * LOW HITPOINT WARNING * * *
The spiny frog stings you!
* * * LOW HITPOINT WARNING * * *
The spiny frog stings you!
* * * LOW HITPOINT WARNING * * *
The spiny frog stings you!
* * * LOW HITPOINT WARNING * * *
Your smoke demon gestures at the spiny frog.
The spiny frog is smitten.
The spiny frog stings you!!
You die... ▓▓▓▓▓▓▓▓▓▓▓▓▓▓▓▓▓▓▓▓▓▓▓▓ {{{{{{{

.SFtDHF@3.........†.....
▓▓▓▓▓▓▓▓▓▓▓▓▓▓▓▓▓▓▓▓▓▓▓▓▓▓▓▓▓▓▓▓▓
.................................
▓▓▓▓▓▓▓▓▓▓▓▓▓▓▓▓▓▓▓▓▓▓▓▓▓▓▓▓▓▓▓▓▓
[..)...'________________________'
▓▓▓▓▓▓▓▓▓▓▓▓▓▓▓▓▓▓▓▓▓▓▓▓▓▓▓▓▓▓▓▓▓


You could see a six-headed hydra, a hippogriff, a spiny frog, a water moccasin,
a crocodile, a bullfrog and a friendly smoke demon.

Vanquished Creatures
  A catoblepas (D)
  A two-headed ogre (D)
  A centaur warrior (D)
  An unseen horror (D)
  A deep elf mage (D)
  A black mamba (D)
  A komodo dragon (D)
  A rime drake (D)
  A yak (D)
  A water moccasin (D)
  An ice beast (D)
  An orc warrior (D)
  A black bear (D)
  2 wolves (D)
  2 centaurs (D)
  3 crocodiles (D)
  A big kobold (D)
  2 bullfrogs (D)
  A howler monkey (D)
  An adder (D)
  A shadow imp (D)
  A bat zombie (D)
  A goblin (D)
  A ball python skeleton (D)
  2 frilled lizards (D)
  A kobold (D)
  A rat (D)
33 creatures vanquished.

Vanquished Creatures (others)
  A two-headed ogre (D)
1 creature vanquished.

Grand Total: 34 creatures vanquished

Notes
Turn   | Place    | Note
-------+----------+-------------------------------------------
     0 | D        | Mgcat the Demonspawn Fighter began the quest for the Orb.
     0 | D        | Reached XP level 1. HP: 18/18 MP: 1/1
    12 | D        | Reached skill level 2 in Axes
    36 | D        | Noticed a howler monkey
    36 | D        | Noticed an ice beast
    46 | D        | Reached skill level 4 in Fighting
    46 | D        | Reached skill level 3 in Axes
    46 | D        | Gained mutation: A weak demonic guardian rushes to your aid. [demonic ancestry]
    46 | D        | Reached XP level 2. HP: 26/26 MP: 2/2
    55 | D        | HP: 1/26 [ice beast (8)]
    56 | D        | Killed an ice beast
    56 | D        | Reached skill level 7 in Fighting
    56 | D        | Reached skill level 6 in Axes
    56 | D        | Gained mutation: You are surrounded by a mild repulsion field. (EV +2) [demonic ancestry]
    56 | D        | Reached XP level 3. HP: 2/36 MP: 3/3
    56 | D        | Gained mutation: You are surrounded by a moderate repulsion field. (EV +3) [demonic ancestry]
    56 | D        | Reached XP level 4. HP: 2/43 MP: 4/4
    63 | D        | Gained mutation: You regenerate a little health from kills. [demonic ancestry]
    63 | D        | Reached XP level 5. HP: 30/49 MP: 5/5
   156 | D        | Found a roughly hewn altar of Beogh.
   156 | D        | Found a snail-covered altar of Cheibriados.
   156 | D        | Found a shadowy altar of Dithmenos.
   156 | D        | Found a white marble altar of Elyvilon.
   156 | D        | Found a blossoming altar of Fedhas.
   156 | D        | Found an opulent altar of Gozag.
   157 | D        | Found a hazy altar of Hepliaklqana.
   158 | D        | Found a viscous altar of Jiyva.
   159 | D        | Found an ancient bone altar of Kikubaaqudgha.
   160 | D        | Found a corrupted altar of Lugonu.
   161 | D        | Found a burning altar of Makhleb.
   162 | D        | Found a sparkling altar of Nemelex Xobeh.
   163 | D        | Found an iron altar of Okawaru.
   164 | D        | Found a stormy altar of Qazlal.
   165 | D        | Found a sacrificial altar of Ru.
   166 | D        | Found a deep blue altar of Sif Muna.
   167 | D        | Found a bloodstained altar of Trog.
   168 | D        | Found a hide-covered altar of Uskayaw.
   169 | D        | Found a radiant altar of Vehumet.
   170 | D        | Found an ornate altar of the Wu Jian Council.
   171 | D        | Found a shimmering altar of Xom.
   172 | D        | Found a basalt altar of Yredelemnul.
   173 | D        | Found a glowing silver altar of Zin.
   175 | D        | Became a worshipper of Ru the Awakened
   177 | D        | Found a glowing golden altar of the Shining One.
   228 | D        | Noticed an orc warrior
   228 | D        | Noticed a black bear
   234 | D        | Killed an unseen horror
   234 | D        | Reached skill level 11 in Fighting
   234 | D        | Reached skill level 10 in Axes
   234 | D        | Reached XP level 6. HP: 46/62 MP: 6/6
   234 | D        | Reached XP level 7. HP: 50/68 MP: 7/7
   253 | D        | HP: 14/69 [orc warrior/dire flail (18)]
   256 | D        | Reached skill level 12 in Fighting
   256 | D        | Reached skill level 11 in Axes
   508 | D        | Noticed a two-headed ogre
   508 | D        | Noticed a deep elf mage
   508 | D        | Noticed a centaur warrior
   508 | D        | Noticed a two-headed ogre
   515 | D        | Killed a two-headed ogre
   515 | D        | Reached skill level 13 in Fighting
   515 | D        | Reached skill level 12 in Axes
   515 | D        | Reached XP level 8. HP: 34/79 MP: 8/8
   520 | D        | Killed a centaur warrior
   524 | D        | Reached skill level 14 in Fighting
   526 | D        | Killed a deep elf mage
   526 | D        | Reached skill level 13 in Axes
   526 | D        | Gained mutation: You have a pair of small antennae on your head. [demonic ancestry]
   526 | D        | Reached XP level 9. HP: 30/88 MP: 9/9
   533 | D        | HP: 13/88 [two-headed ogre/giant club (19)]
   534 | D        | Killed a two-headed ogre
   534 | D        | Reached skill level 15 in Fighting
   882 | D        | Gained mutation: You cannot read scrolls while threatened. [Ru sacrifice]
   882 | D        | Reached * piety under Ru
   941 | D        | Got the cursed +1 robe of the Republic {SInv}
   966 | D        | Noticed a komodo dragon
   966 | D        | Noticed a rime drake
   973 | D        | Reached skill level 3 in Armour
   976 | D        | Killed a rime drake
   976 | D        | Reached skill level 14 in Axes
   976 | D        | Reached skill level 4 in Armour
   981 | D        | Noticed a black mamba
   983 | D        | Killed a komodo dragon
   983 | D        | Reached skill level 5 in Armour
  1005 | D        | Killed a black mamba
  1005 | D        | Reached skill level 6 in Armour
  1005 | D        | Gained mutation: A demonic guardian rushes to your aid. [demonic ancestry]
  1005 | D        | Reached XP level 10. HP: 48/96 MP: 10/10
  1161 | D        | Noticed a catoblepas
  1161 | D        | Noticed a spiny frog
  1165 | D        | Noticed a six-headed hydra
  1185 | D        | HP: 24/96 [catoblepas (10)]
  1201 | D        | HP: 9/96 [catoblepas (24)]
  1208 | D        | Killed a catoblepas
  1208 | D        | Reached skill level 15 in Axes
  1208 | D        | Reached skill level 7 in Armour
  1211 | D        | HP: 21/96 [spiny frog (6)]
  1213 | D        | HP: 8/96 [spiny frog (6)]
  1214 | D        | Slain by a spiny frog

Vault maps used:
D:        linesprint

Skill      XL: |  1  2  3  4  5  6  7  8  9 10 |
---------------+-------------------------------+-----
Axes           | 3 6 10 12 13 14 15 | 15.3
Fighting       | 4 7 11 13 14 15 | 15.0
Armour         | 6 7 |  7.9
Shields        | |  2.6

Action                   |  1- 3 |  4- 6 |  7- 9 | 10-12 || total
-------------------------+-------+-------+-------+-------++-------
Melee: War axe           |    38 |    13 |    92 |    16 ||   159
Invok: Sacrifice Words   |       |       |     1 |       ||     1
Evoke: Wand              |       |       |       |     1 ||     1
  Use: Potion            |       |     1 |     1 |     5 ||     7
 Stab: Invisible         |       |       |     5 |       ||     5
  Eat: Ration            |       |       |       |     1 ||     1
Armor: Scale mail        |    22 |     7 |    12 |    16 ||    57
Dodge: Dodged            |    10 |     4 |    28 |     3 ||    45
Block: Shield            |    17 |     4 |    29 |     1 ||    51

Table legend:
 A = Spawn XP
 B = Non-spawn XP
 C = Spawn XP percentage of total XP
 D = Spawn monster count
 E = Non-spawn monster count
 F = Spawn count percentage of total count
 G = Total turns spent on level
                    A         B        C        D         E        F      G
               +---------+---------+-------+---------+---------+-------+---------
         Total |       0 |    6923 |   0.0 |       0 |      34 |   0.0 |  1214
               +---------+---------+-------+---------+---------+-------+---------
             D |       0 |    6923 |   0.0 |       0 |      34 |   0.0 |  1214
               +---------+---------+-------+---------+---------+-------+---------

Vault maps used:
D:        linesprint

Table legend:
 A = Turns spent in this place as a percentage of turns spent in the entire game.
 B = Non-inter-level travel turns spent in this place as a percentage of non-inter-level travel turns spent in the entire game.
 C = Inter-level travel turns spent in this place as a percentage of turns spent in this place.
 D = Turns resting spent in this place as a percentage of non-inter-level travel turns spent in this place.
 E = Turns spent auto-exploring this place as a percentage of non-inter-level travel turns spent in this place.
 F = Non-inter-level travel turns spent in this place divided by the number of levels of this place that you've seen.
                   A       B       C       D       E      F
               +-------+-------+-------+-------+-------+----------------------
         Total | 100.0 | 100.0 |   0.0 |  53.2 |  14.8 | 1214.0
       Dungeon | 100.0 | 100.0 |   0.0 |  53.2 |  14.8 | 1214.0
               +-------+-------+-------+-------+-------+----------------------

Table legend:
 A = Kills in this place as a percentage of kills in entire the game.
 B = Kills by you in this place as a percentage of kills by you in the entire game.
 C = Kills by friends in this place as a percentage of kills by friends in the entire game.
 D = Other kills in this place as a percentage of other kills in the entire game.
 E = Experience gained in this place as a percentage of experience gained in the entire game.
 F = Experience gained in this place divided by the number of levels of this place that you have seen.
                   A       B       C       D       E      F
               +-------+-------+-------+-------+-------+----------------------
         Total | 100.0 | 100.0 |   N/A | 100.0 | 100.0 | 6923.0
       Dungeon | 100.0 | 100.0 |   N/A | 100.0 | 100.0 | 6923.0
               +-------+-------+-------+-------+-------+----------------------
